 Dungeon Crawl Stone Soup version 0.30-a0-1103-g25895a7845 (webtiles) character file.

Game seed: 8771504287524473391

44 demibob the Magician (level 3, 0/24 HPs)
             Began as a Demonspawn Wanderer on Apr 18, 2023.
             Slain by a gnoll
             ... wielding a +0 club
              (7 damage)
             ... on level 3 of the Dungeon.
             The game lasted 00:02:18 (1189 turns).

demibob the Magician (Demonspawn Wanderer)          Turns: 1189, Time: 00:02:18

Health: 0/24       AC:  5    Str: 13    XL:     3   Next: 39%
Magic:  7/8        EV: 11    Int: 12    God:
Gold:   138        SH:  0    Dex: 14    Spells: 9/10 levels left

rFire   . . .      SeeInvis .      - Unarmed
rCold   . . .      Faith    .    (no shield)
rNeg    . . .      Spirit   .    d - +0 leather armour
rPois   .          Reflect  .    f - +2 hat
rElec   .          Rampage  .    (no cloak)
rCorr   .                        (no gloves)
Will    .....                    (no boots)
Stlth   +                        (no amulet)
HPRegen 0.24/turn                (no ring)
MPRegen 0.11/turn                (no ring)

@: no status effects
A: demonic touch 1
a: no special abilities


You were on level 3 of the Dungeon.
You visited 1 branch of the dungeon, and saw 3 of its levels.

You collected 138 gold pieces.


Innate Abilities, Weirdness & Mutations

Your touch may inflict minor irresistible damage on your foes.


   Skills:
 + Level 3.7 Ranged Weapons
 - Level 1.0 Dodging
 - Level 1.0 Stealth
 + Level 1.3 Unarmed Combat
 - Level 4.0 Spellcasting
 - Level 1.0 Evocations


You had 9 spell levels left.
You knew the following spells:

 Your Spells              Type           Power      Damage    Failure   Level
a - Apportation           Tloc           4%         N/A       28%         1

Your spell library contained the following spells:

 Spells                   Type           Power      Damage    Failure   Level
 Sting                    Tmut/Pois      8%         1d3       28%         1
 Poisonous Vapours        Pois/Air       4%         N/A       38%         2
 Gell's Gravitas          Tloc           2%         N/A       63%         3
 Ozocubu's Armour         Ice            2%         N/A       63%         3
 Teleport Other           Tloc           2%         N/A       63%         3
 Olgreb's Toxic Radiance  Pois           2%         N/A       95%         4
 Dispersal                Tloc           1%         N/A       100%        6
 Ozocubu's Refrigeration  Ice            1%         4d7       100%        7

Inventory:

Hand Weapons
 a - a +2 sling of freezing
Armour
 d - a +0 leather armour (worn)
 f - a +2 hat (worn)
Magical Staves
 g - a staff of death {!a}
Jewellery
 C - a ring of protection from cold
 W - a ring of willpower
Wands
 b - a wand of polymorph (5)
Scrolls
 c - a scroll of vulnerability
Potions
 e - 2 potions of lignification {unknown}
 i - 2 potions of haste {unknown}

Dungeon Overview and Level Annotations

Branches:
Dungeon (3/15)

Altars:

Annotations:
D:3 2 runed translucent doors

..# ##.....[#.. #...##
###.......... #.....
#.....#####.# #.....##
##............
#......###...........).
#...................<..
##..........#..........†
..........###...........
#####@g........)......
##g...#............
#.gg.gg................
...###.!...###..........
......# ##.........
....#.## ####..####
####...# ..# ....# >.#
..#.# ##


You could see 4 gnolls.


Message History

Fire: a) +2 sling (freeze)
Press: ? - help, Q - select action, (/) - cycle Shift-Dir - straight line, f/p - gnoll
Aim: a gnoll, wielding a +0 spear and wearing a +0 ring mail (67% to hit)
You shoot a sling bullet. The sling bullet hits the gnoll.
The sling bullet freezes the gnoll.
The gnoll is lightly wounded.
The gnoll misses you.
Fire: a) +2 sling (freeze)
Press: ? - help, Q - select action, (/) - cycle Shift-Dir - straight line, f/p - gnoll
Aim: a gnoll, wielding a +0 spear and wearing a +0 ring mail (lightly wounded, 67% to hit)
You shoot a sling bullet. The sling bullet hits the gnoll.
The sling bullet freezes the gnoll.
The gnoll is heavily wounded.
The gnoll hits you from afar with a +0 spear.
* * * LOW HITPOINT WARNING * * *
The gnoll attacks as you move away! The gnoll hits you but does no damage.
Your +2 sling of freezing stops glowing.
You are now empty-handed.
The gnoll hits you with a +0 club.
* * * LOW HITPOINT WARNING * * *
You are too injured to fight recklessly!
You are too injured to fight recklessly!
You hit the gnoll but do no damage. The gnoll barely misses you.
You hit the gnoll. Your touch misses the gnoll.
The gnoll is lightly wounded.
Your magical contamination has completely faded away.
Unknown command.
You barely miss the gnoll.
The gnoll is lightly wounded.
The gnoll hits you with a +0 club!
You die...

Skill      XL: |  1  2 |
---------------+-------+-----
Ranged Weapons | 3 |  3.7
Unarmed Combat | 1 |  1.3
Dodging        | |  1.0
Stealth        | |  1.0
Spellcasting   | |  4.0
Evocations     | |  1.0

Action                     || total
---------------------------++-------
  Melee: Unarmed           ||     3
   Fire: Sling             ||   113
    Use: Scroll            ||     3
         Potion            ||     1
 Armour: Leather armour    ||    19
  Dodge: Dodged            ||    37

Levels and vault maps discovered:
D:1:      dpeg_cavernosity, layout_basic, minmay_pentomino_p2
D:2:      layout_basic, serial_shops, shop
D:3:      cheibrodos_greedy_goblins, layout_rooms, ebering_ghost_disaster_area,
          chequers_serial_rivers_small_3, mrwooster_statue_mirror,
          dreamdust_wishing_well

Notes
Turn   | Place    | Note
-------+----------+-------------------------------------------
     0 | D:1      | demibob the Demonspawn Wanderer began the quest for the
                  | Orb.
     0 | D:1      | demibob set off with the following items: a +2 sling, a
                  | wand of polymorph (5), a scroll of vulnerability, a +0
                  | leather armour; and the following spell memorised:
                  | Apportation; and the following spells available to
                  | memorise: Teleport Other.
     0 | D:1      | Reached XP level 1. HP: 13/13 MP: 5/5
   100 | D:1      | Reached skill level 3 in Ranged Weapons
   146 | D:1      | Gained mutation: Your touch may inflict minor irresistible
                  | damage on your foes. [demonic ancestry]
   146 | D:1      | Reached XP level 2. HP: 14/19 MP: 7/7
   457 | D:1      | Reached skill level 1 in Unarmed Combat
   618 | D:1      | Reached XP level 3. HP: 16/24 MP: 8/8
   966 | D:2      | You fall into a shaft and drop 1 floor!
  1071 | D:3      | Found a large runed translucent door.
  1092 | D:3      | Found a large runed translucent door.
  1189 | D:3      | Slain by a gnoll

Vanquished Creatures
  A dart slug (D:3)
  3 ball pythons
  3 endoplasms (D:1)
  2 giant cockroaches
  5 goblins
  6 hobgoblins
  7 kobolds
  2 quokkas (D:1)
  3 bats
  4 rats
36 creatures vanquished.

Table legend: (Time is in decaauts)
 A = Elapsed time spent in this place.
 B = Non-inter-level travel time spent in this place.
 C = Inter-level travel time spent in this place.
 D = Time resting spent in this place.
 E = Time spent auto-exploring this place.
 F = Levels seen in this place.
 G = Mean time per level.
                   A        B        C        D        E       F      G
               +--------+--------+--------+--------+--------+-----+--------+
         Total |   1219 |   1156 |     63 |      0 |    939 |   3 |  406.3 |
       Dungeon |   1219 |   1156 |     63 |      0 |    939 |   3 |  406.3 |
               +--------+--------+--------+--------+--------+-----+--------+

Top non-repeatable levels by time:
     D:1: 953 daAuts
     D:3: 227 daAuts
     D:2: 37 daAuts

Table legend:
 A = Non-vault XP
 B = Vault XP
 C = Vault XP percentage of total XP
 D = Non-vault monster count
 E = Vault monster count
 F = Vault count percentage of total count
                 A         B        C        D         E       F
            +---------+---------+-------+---------+---------+-------
      Total |      53 |      10 |  15.9 |      30 |       6 |  16.7
            +---------+---------+-------+---------+---------+-------
        D:1 |      35 |      10 |  22.2 |      21 |       6 |  22.2
        D:2 |       3 |       0 |   0.0 |       2 |       0 |   0.0
        D:3 |      15 |       0 |   0.0 |       7 |       0 |   0.0
            +---------+---------+-------+---------+---------+-------
